 Dungeon Crawl Stone Soup version 0.29-a0-22-gbf593b16ee (webtiles) character file.

Game seed: 8085626450802857573

10545 issech the Basher (level 11, -8/92 (96) HPs)
             Began as a Troll Monk on Jan 29, 2022.
             Was an Elder of Hepliaklqana.
             Shot with a bolt by an orc knight (10 damage)
             ... on level 2 of the Orcish Mines.
             The game lasted 01:02:40 (10973 turns).

issech the Basher (Troll Monk)                     Turns: 10973, Time: 01:02:41

HP:   -8/92 (96)    AC: 15    Str: 23    XL:     11   Next: 37%
MP:   10/10         EV: 13    Int:  6    God:    Hepliaklqana [****..]
Gold: 526           SH:  0    Dex: 25    Spells: 10/10 levels left

rFire   . . .      SeeInvis .   i - +3 giant club (spect)
rCold   . . .      Faith    .   (shield currently unavailable)
rNeg    . . .      Spirit   .   T - +3 swamp dragon scales
rPois   +          Reflect  .   d - +1 hat of Fortitude {Dex+5}
rElec   .          Harm     .   C - +0 cloak
rCorr   .          Rampage  .   (gloves unavailable)
Will    .....                   (boots unavailable)
Stlth   ++........              (no amulet)
HPRegen 1.05/turn               y - +6 ring of dexterity
MPRegen 0.12/turn               J - ring of flight

@: flying, lightly drained
A: reduced essence, large, unfitting armour, claws 3, regeneration 1, shaggy fur
1, tough skin 1
a: Renounce Religion, Recall Ancestor, Ancestor Identity, Transference, Idealise


You were on level 2 of the Orcish Mines.
You worshipped Hepliaklqana.
Hepliaklqana was greatly pleased with you.
You visited 3 branches of the dungeon, and saw 12 of its levels.
You also visited: Ossuary.

You collected 526 gold pieces.

Inventory:

Hand Weapons
 b - a +1 flail of protection
 g - the +3 mace of Vienuicu {vorpal, *Noise rF+++ Str+3 Dex-5}
   (You found it on level 6 of the Dungeon)

   It inflicts extra damage upon your enemies.
   Str:       It affects your strength (+3).
   Dex:       It affects your dexterity (-5).
   rF:        It renders you almost immune to fire.
   *Noise:    It may make noises in combat.
 i - a +3 spectral giant club (weapon)
 p - a +0 dagger of chaos
 z - a +1 mace of draining
 I - a +0 arbalest
 M - the +10 mace "Omelette" {freeze, rPois rCorr}
   (You found it on level 6 of the Dungeon)

   It freezes those it strikes, dealing additional cold damage.
   It can also slow down cold-blooded creatures.
   rPois:     It protects you from poison.
   rCorr:     It protects you from acid and corrosion.
 N - a +4 whip of distortion
 O - a +4 antimagic short sword
 P - the +3 dire flail of Bouvuof {distort, Dex+3}
   (You took it off an ogre on level 6 of the Dungeon)

   It warps and distorts space around it, and may blink, banish, or inflict
   extra damage upon those it strikes.
   Unwielding it can cause banishment or high damage.
   Dex:       It affects your dexterity (+3).
Missiles
 c - 12 bolts
 j - 210 stones (quivered)
 k - 209 arrows
 l - 78 sling bullets
 u - a boomerang
 H - 6 atropa-tipped darts
 K - 11 poisoned darts
 V - 2 throwing nets
Armour
 d - the +1 hat of Fortitude (worn) {Dex+5}
   (You acquired it in an ossuary)

   Dex:       It affects your dexterity (+5).
 m - an orb of guile
 v - the +5 kite shield of Love and Death {rCorr Str+4 Dex-3}
   (You acquired it on level 3 of the Dungeon)

   Str:       It affects your strength (+4).
   Dex:       It affects your dexterity (-3).
   rCorr:     It protects you from acid and corrosion.
 C - a +0 cloak (worn)
 F - a +0 robe of willpower
 T - +3 swamp dragon scales (worn)
 X - a +0 tower shield
 Y - a +1 robe of positive energy
Magical Staves
 h - a staff of poison
 Z - a staff of death
Jewellery
 y - a +6 ring of dexterity (left claw)
 G - a ring of wizardry
 J - a ring of flight (right claw)
 L - the ring of the Harvest {rN+ Int+2}
   (You found it on level 7 of the Dungeon)

   [ring of positive energy]

   Int:       It affects your intelligence (+2).
   rN:        It protects you from negative energy.
Wands
 q - a wand of flame (9)
 E - a wand of polymorph (27)
 R - a wand of iceblast (8)
 S - a wand of paralysis (6)
 U - a wand of mindburst (11)
Scrolls
 a - 3 scrolls of enchant weapon
 n - 3 scrolls of vulnerability
 t - 5 scrolls of fog
 w - 5 scrolls of teleportation
 x - 3 scrolls of blinking
 W - a scroll of amnesia
Potions
 e - 2 potions of heal wounds {unknown}
 f - 2 potions of resistance {unknown}
 o - 17 potions of degeneration
 r - 7 potions of curing {unknown}
 s - 3 potions of might {unknown}
 A - 3 potions of haste
 B - a potion of attraction {unknown}
 D - 2 potions of cancellation {unknown}
 Q - a potion of brilliance {unknown}


   Skills:
 + Level 6.7 Fighting
 + Level 10.7 Maces & Flails
 + Level 1.0 Crossbows
 + Level 4.7 Armour
 + Level 6.1 Dodging
 + Level 3.4 Stealth
 + Level 4.7 Shields
 + Level 0.2 Unarmed Combat


You had 10 spell levels left.
You didn't know any spells.
Your spell library contained the following spells:

 Spells                   Type           Power      Damage    Failure   Level
 Animate Skeleton         Necr           0%         N/A       58%         1
 Apportation              Tloc           0%         N/A       58%         1
 Summon Small Mammal      Summ           0%         N/A       58%         1
 Anguish                  Hex/Necr       0%         N/A       100%        4
 Summon Forest            Summ/Tloc      0%         N/A       100%        5
 Summon Mana Viper        Hex/Summ       0%         N/A       100%        5
 Death Channel            Necr           0%         N/A       100%        6
 Summon Cactus Giant      Summ           0%         N/A       100%        6


Dungeon Overview and Level Annotations

Branches:
Dungeon (9/15)             Temple (1/1) D:5             Orc (2/2) D:9
Ossuary (visited)
   Lair: D:8-11         Elf: Orc:2

Altars:
Ashenzari
Cheibriados
Dithmenos
Elyvilon
Fedhas
Gozag
Hepliaklqana
Kikubaaqudgha
Makhleb
Nemelex Xobeh
Okawaru
Qazlal
Ru
Sif Muna
Trog
Vehumet
Wu Jian
Xom
Yredelemnul
Zin
The Shining One

Shops:
D:6 *


Innate Abilities, Weirdness & Mutations

Your life essence is reduced to manifest your ancestor. (-10% HP)
You are too large for most types of armour.
You have claws for hands.
Your natural rate of healing is unusually fast.
You are covered in fur. (AC +1)
You have tough skin. (AC +1)


Message History

The orc knight roars a battlecry!
The orc priest goes into a battle-frenzy!
The orc priest invokes the aid of Beogh against you.
You struggle to resist.
The orc knight shoots a bolt.
The bolt hits you.
Zolin hits the orc priest with a +0 quarterstaff!
The orc priest dies!
Things that are here:
a +0 mace; an orc corpse The orc wizard gestures at you while chanting.
You are confused.
Zolin gestures at the orc wizard while chanting.
The stone arrow hits the orc wizard!
The orc wizard dies!
The orc knight shoots a bolt.
The bolt hits you!! The orc warrior closely misses you.
The orc warrior hits you with a +0 trident.
Zolin barely misses the orc warrior.
The orc knight shoots a bolt.
The bolt hits you!!
The orc warrior hits you from afar with a +0 trident.
* * * LOW HITPOINT WARNING * * *
You're too confused to move!
Zolin barely misses the orc warrior.
The orc knight shoots a bolt.
The bolt hits you!
* * * LOW HITPOINT WARNING * * *
The orc warrior closely misses you.
You are too confused!
Unknown command.
You feel less confused.
Zolin casts a spell at the orc warrior.
The puff of frost hits the orc warrior but does no damage.
The orc knight shoots a bolt.
The bolt completely misses you. The orc warrior closely misses you.
Things that are here:
a +0 mace; an orc corpse Zolin hits the orc warrior with a +0 quarterstaff!
The orc knight shoots a bolt.
The bolt hits you!!
* * * LOW HITPOINT WARNING * * *
Unknown command.
Zolin completely misses the orc warrior.
The orc knight shoots a bolt.
The bolt hits you!
You die...

..................
#...$.............
#....o............
..................
.........R.....#
......)..o)....#
........).....##
...............#
#......)@.....#...
#........##..#....
#.......## .......
......... .......
#........ .......
#.......$. .......
.......... .....#.
...........


You could see the friendly Zolin the battlemage, an orc knight and an orc
warrior (strong, ally target).

Vanquished Creatures
  An orc warlord (Orc:1)
  2 hydras
  A two-headed ogre (D:9)
  An oklob plant (D:7)
  The ghost of riojii the Magician, a novice DjFE (D:6)
  Maggie (D:6)
  A shadow (D:9)
  2 steam dragons
  A warg (Orc:1)
  Menkaure (D:4)
  3 water moccasins
  Duvessa (D:4)
  A swamp drake (D:9)
  4 orc warriors
  A black bear (D:5)
  4 ogres
  A necrophage (D:3)
  5 centaurs
  A bullfrog (D:8)
  A gnoll sergeant (D:6)
  11 scorpions
  A water moccasin zombie (D:5)
  A water moccasin skeleton (D:4)
  Dowan (D:4)
  10 killer bees
  2 howler monkeys (D:7)
  4 crimson imps (D:3)
  7 centaur zombies
  A bullfrog zombie (D:5)
  2 hounds
  2 human zombies (Ossuary)
  2 jellies
  4 orc priests
  A bullfrog skeleton (D:4)
  2 scorpion zombies (Ossuary)
  4 iguanas (D:5)
  4 orc wizards
  3 mummies (Ossuary)
  A howler monkey zombie (D:7)
  9 gnolls
  8 adders
  A shadow imp (D:3)
  3 worms
  A dart slug (D:3)
  28 orcs
  6 endoplasms
  3 giant cockroaches
  6 hobgoblins
  2 jackals (D:2)
  2 quokkas
  A ball python (D:1)
  5 bats
  3 frilled lizards
  8 goblins
  2 goblin zombies (Ossuary)
  3 hobgoblin zombies (Ossuary)
  6 kobolds
  A kobold zombie (Ossuary)
  An orc zombie (Ossuary)
  A quokka skeleton (D:2)
  4 rats (D:3)
  4 fungi
  3 plants (D:7)
208 creatures vanquished.

Vanquished Creatures (collateral kills)
  Joseph (D:7)
  A wyvern (D:9)
  3 orc warriors
  2 sky beasts
  A necrophage (D:7)
  2 ogres
  2 ice beasts (D:6)
  A gnoll sergeant (D:9)
  6 orc priests
  Crazy Yiuf (D:6)
  2 orc wizards
  14 orcs
36 creatures vanquished.

Vanquished Creatures (others)
  5 battlemagi
  22 fungi
  16 plants (D:7)
43 creatures vanquished.

Grand Total: 287 creatures vanquished

Notes
Turn   | Place    | Note
-------+----------+-------------------------------------------
     0 | D:1      | issech the Troll Monk began the quest for the Orb.
     0 | D:1      | Reached XP level 1. HP: 22/22 MP: 0/0
    40 | D:1      | Got the Compendium of Quantum Dark Rituals
    80 | D:1      | Found a faded altar of an unknown god.
   292 | D:1      | Reached XP level 2. HP: 29/29 MP: 1/1
   835 | D:2      | Reached skill level 3 in Maces & Flails
   844 | D:2      | Reached XP level 3. HP: 36/36 MP: 2/2
  1292 | D:3      | Reached XP level 4. HP: 32/44 MP: 3/3
  1473 | D:3      | Found a shadowy altar of Dithmenos.
  1507 | D:3      | Found a shimmering altar of Xom.
  1706 | D:3      | Reached skill level 4 in Maces & Flails
  1706 | D:3      | Reached XP level 5. HP: 53/53 MP: 4/4
  1858 | D:3      | Reached skill level 1 in Shields
  2130 | D:3      | Noticed a necrophage
  2139 | D:3      | Killed a necrophage
  2140 | D:3      | Reached XP level 6. HP: 46/61 MP: 5/5
  2492 | D:3      | Identified 3 scrolls of acquirement
  2492 | D:3      | Acquired the +5 kite shield of Love and Death {rCorr Str+4
                  | Dex-3}
  2522 | D:4      | Found a sacrificial altar of Ru.
  2673 | D:4      | Noticed Menkaure
  2690 | D:4      | Found a sand-covered staircase.
  2699 | Ossuary  | Entered an ossuary
  2891 | Ossuary  | Reached XP level 7. HP: 34/68 MP: 6/6
  2987 | Ossuary  | Reached skill level 5 in Maces & Flails
  3376 | Ossuary  | Reached XP level 8. HP: 78/79 MP: 7/7
  3501 | Ossuary  | Reached skill level 6 in Maces & Flails
  3665 | Ossuary  | Acquired the +1 hat of Fortitude {Dex+5}
  3672 | Ossuary  | Acquired a +2 spectral giant club
  3694 | D:4      | Killed Menkaure
  3764 | D:4      | Noticed Dowan
  3764 | D:4      | Noticed Duvessa
  3777 | D:4      | Killed Duvessa
  3781 | D:4      | Killed Dowan
  3909 | D:4      | Found a white marble altar of Elyvilon.
  4057 | D:4      | Reached skill level 5 in Fighting
  4706 | D:5      | Entered Level 5 of the Dungeon
  4766 | D:5      | Reached skill level 7 in Maces & Flails
  5052 | D:5      | Found a staircase to the Ecumenical Temple.
  5068 | Temple   | Entered the Ecumenical Temple
  5105 | Temple   | Became a worshipper of Hepliaklqana the Forgotten
  5105 | Temple   | Reached * piety under Hepliaklqana
  5105 | Temple   | Reached ** piety under Hepliaklqana
  5106 | Temple   | Remembered your ancestor Zolin as a battlemage
  5218 | D:5      | Reached XP level 9. HP: 79/79 MP: 8/8
  5593 | D:5      | Found a stormy altar of Qazlal.
  5693 | D:5      | Found a burning altar of Makhleb.
  6219 | D:6      | Reached skill level 8 in Maces & Flails
  6299 | D:6      | Reached skill level 5 in Dodging
  6395 | D:6      | Found Vuff's Elemental Accessories.
  6446 | D:6      | Found a radiant altar of Vehumet.
  6514 | D:6      | Noticed Maggie
  6523 | D:6      | Killed Maggie
  6595 | D:6      | Noticed riojii's ghost (novice DjFE)
  6602 | D:6      | Identified the +3 dire flail of Bouvuof {distort, Dex+3}
  6621 | D:6      | Found a transporter.
  6625 | D:6      | Found a transporter.
  6803 | D:6      | Found a runed translucent door.
  6804 | D:6      | Identified the +3 mace of Vienuicu {vorpal, *Noise rF+++
                  | Str+3 Dex-5}
  6804 | D:6      | Noticed Crazy Yiuf
  6810 | D:6      | Killed Crazy Yiuf
  6813 | D:6      | Identified the +10 mace "Omelette" {freeze, rPois rCorr}
  7119 | D:6      | Reached skill level 9 in Maces & Flails
  7180 | D:6      | Killed riojii's ghost
  7181 | D:6      | Reached skill level 1 in Armour
  7181 | D:6      | Reached XP level 10. HP: 88/88 MP: 9/9
  7358 | D:7      | Noticed Joseph
  7361 | D:7      | Noticed an eight-headed hydra
  7605 | D:6      | Killed an eight-headed hydra
  7697 | D:7      | Killed Joseph
  7809 | D:7      | Reached *** piety under Hepliaklqana
  7864 | D:7      | Found a blossoming altar of Fedhas.
  7890 | D:7      | Noticed an oklob plant
  8011 | D:7      | Killed an oklob plant
  8162 | D:7      | Identified the ring of the Harvest {rN+ Int+2}
  8171 | D:7      | Found a glowing silver altar of Zin.
  9454 | D:9      | Reached **** piety under Hepliaklqana
  9644 | D:9      | Reached skill level 1 in Crossbows
  9732 | D:9      | Noticed a two-headed ogre
  9740 | D:9      | Killed a two-headed ogre
  9741 | D:9      | Reached skill level 10 in Maces & Flails
  9741 | D:9      | Reached XP level 11. HP: 96/96 MP: 10/10
  9852 | D:9      | Found a sparkling altar of Nemelex Xobeh.
  9901 | D:9      | Found a broken altar of Ashenzari.
  9940 | D:9      | Noticed a seven-headed hydra
  9947 | D:9      | Killed a seven-headed hydra
 10025 | D:9      | Found a staircase to the Orcish Mines.
 10397 | Orc:1    | Entered Level 1 of the Orcish Mines
 10524 | Orc:2    | Entered Level 2 of the Orcish Mines
 10525 | Orc:2    | Noticed an orc warlord
 10686 | Orc:1    | Killed an orc warlord
 10758 | Orc:2    | Noticed an orc knight
 10972 | Orc:2    | HP: 1/92 [orc knight/bolt (18)]
 10973 | Orc:2    | Shot with a bolt by an orc knight

Illustrated notes

Levels and vault maps discovered:
D:1:      shiori_arrival_maze, layout_basic, dreamdust_ecumenical_altar_statues
D:2:      layout_rooms
D:3:      minmay_wonky_spiral, layout_basic, led_xom_imps, lemuel_doored_altar,
          due_unseen_surprise
D:4:      layout_loops_corners, mainiacjoe_overflow_catwalk,
          nicolae_ru_sacrificial_ziggurat, chequers_ossuary_entry_cave,
          uniq_menkaure, uniq_duvessa
D:5:      kennysheep_steamy, layout_basic, marbit_many_paths,
          mainiacjoe_overflow_24_doors, temple_pool_b, serial_co_window_serial,
          co_window_corner_a, co_window_paths_a, co_window_corner_a,
          co_window_paths_a, co_window_paths_b, co_window_cross_2,
          co_window_corner_b, co_window_of_opportunity_c, co_window_4corner_a,
          glass_columns_b, glass_columns_b, glass_columns_c
D:6:      layout_basic, vehumet_altar_wand_db, gammafunk_ghost_smash,
          chequers_serial_rivers_micro_c, nicolae_elemental_shop, uniq_maggie,
          uniq_crazy_yiuf_cottage
D:7:      layout_basic, mainiacjoe_overflow_concentric_impassable, tgw_fedhas,
          uniq_joseph
D:8:      layout_basic
D:9:      layout_big_octagon, evilmike_ruin_ashenzari, nemelex_altar_shiori,
          erik_orc_1, kennysheep_generic_room_3
Temple:   eino_temple_lava
Orc:1:    nicolae_orc_accident_3, layout_caves
Orc:2:    st_orc_pillars, layout_caves, mines1_david, uniq_snorg

Skill      XL: |  1  2  3  4  5  6  7  8  9 10 |
---------------+-------------------------------+-----
Maces & Flails | 3 4 5 7 9 10 | 10.7
Dodging        | 3 4 5 6 |  6.1
Fighting       | 3 4 5 6 |  6.7
Shields        | 1 2 3 4 |  4.7
Stealth        | 3 |  3.4
Armour         | 1 4 |  4.7
Crossbows      | 1 |  1.0
Unarmed Combat | |  0.2

Action                   |  1- 3 |  4- 6 |  7- 9 | 10-12 || total
-------------------------+-------+-------+-------+-------++-------
Melee: Mace              |    91 |   390 |   171 |    53 ||   705
       Giant club        |       |       |   112 |   124 ||   236
       Unarmed           |       |       |     2 |       ||     2
 Fire: Arbalest          |       |       |       |     8 ||     8
Invok: Ancestor Life: Ba |       |       |     1 |       ||     1
  Use: Scroll            |       |     1 |    16 |       ||    17
 Stab: Sleeping          |     2 |     1 |     7 |     1 ||    11
       Distracted        |       |       |       |     2 ||     2
Armor: Robe              |    43 |    92 |    61 |       ||   196
       Swamp dragon scal |       |       |     7 |    98 ||   105
Dodge: Dodged            |    42 |   155 |   113 |   143 ||   453
Block: Kite shield       |    23 |   159 |   132 |    48 ||   362

Table legend: (Time is in decaauts)
 A = Elapsed time spent in this place.
 B = Non-inter-level travel time spent in this place.
 C = Inter-level travel time spent in this place.
 D = Time resting spent in this place.
 E = Time spent auto-exploring this place.
 F = Levels seen in this place.
 G = Mean time per level.
                   A        B        C        D        E       F      G
               +--------+--------+--------+--------+--------+-----+--------+
         Total |  11239 |  10660 |    579 |    927 |   3091 |  13 |  864.5 |
       Dungeon |   9534 |   8955 |    579 |    289 |   3022 |   9 | 1059.3 |
        Temple |     68 |     68 |      0 |      0 |     41 |   1 |   68.0 |
  Orcish Mines |    583 |    583 |      0 |    361 |     28 |   2 |  291.5 |
       Ossuary |   1053 |   1053 |      0 |    277 |      0 |   1 | 1053.0 |
               +--------+--------+--------+--------+--------+-----+--------+

Top non-repeatable levels by time:
     D:6: 1465 daAuts
     D:5: 1401 daAuts
     D:3: 1316 daAuts
     D:4: 1231 daAuts
     D:7: 1175 daAuts
 Ossuary: 1053 daAuts
     D:8: 850 daAuts
     D:1: 832 daAuts
     D:9: 775 daAuts
   Orc:1: 544 daAuts
     D:2: 486 daAuts
  Temple: 68 daAuts
   Orc:2: 39 daAuts
